 Dungeon Crawl Stone Soup version 0.17-a0-4-gb793c6d (webtiles) character file.

87 Psiweapon the Twirler (level 4, -1/26 HPs)
             Began as a Gargoyle Gladiator on Mar 3, 2015.
             Killed from afar by an orc wizard (7 damage)
             ... with a puff of flame
             ... on level 2 of the Dungeon.
             The game lasted 00:05:23 (1743 turns).

Psiweapon the Twirler (Gargoyle Gladiator)          Turns: 1743, Time: 00:05:23

Health: -1/26      AC: 10    Str: 22    XL:     4   Next: 51%
Magic:  4/4        EV: 10    Int:  9    God:
Gold:   170        SH:  0    Dex: 10    Spells: 0 memorised, 3 levels left

rFire  . . .     SeeInvis .     a - +0 quarterstaff
rCold  . . .     Clarity  .     g - +0 scale mail (curse)
rNeg   + + .     SustAb   .     (no shield)
rPois  ∞         Gourm    .     c - +0 helmet
rElec  +         Spirit   .     (no cloak)
rCorr  .         Warding  +     (no gloves)
rMut   .         Stasis   .     (no boots)
MR     .....                    w - amulet of warding (curse)
Stlth  ..........               t - ring of teleport control
                                p - +3 ring of strength

@: not resistant to hostile enchantments, extremely unstealthy
A: negative energy resistance 1, electricity resistance, unbreathing,
petrification resistance, rot immunity, AC +3
a: Evoke Teleport Control


You were on level 2 of the Dungeon.
You were not hungry.

You visited 1 branch of the dungeon, and saw 3 of its levels.

You collected 170 gold pieces.

Inventory:

Hand weapons
 a - a +0 quarterstaff (weapon)
 i - a +0 hunting sling of flaming
 j - a +0 mace
Missiles
 d - 3 throwing nets
 e - a stone
 u - 2 tomahawks of returning (quivered)
Armour
 b - a +0 leather armour
 c - a +0 helmet (worn)
 g - a cursed +0 scale mail (worn)
 l - a +0 ring mail
Jewellery
 p - a +3 ring of strength (left hand)
 t - a ring of teleport control (right hand)
 w - a cursed amulet of warding (around neck)
Scrolls
 k - 3 scrolls of identify {unknown}
 m - 3 scrolls of teleportation {unknown}
 n - a scroll of noise {unknown}
Potions
 h - a potion of mutation {unknown}
 o - a potion of restore abilities {unknown}
 q - 2 potions of curing {unknown}
 r - a potion of lignification {unknown}
 s - a potion of poison {unknown}
Comestibles
 f - 2 bread rations
 v - a chunk of flesh


   Skills:
 - Level 2.1 Fighting
 + Level 5.1 Staves
 - Level 2.0 Throwing
 - Level 2.4 Dodging


You had 3 spell levels left.
You didn't know any spells.

Dungeon Overview and Level Annotations

Branches:
Dungeon (3/15)

Altars:


Innate Abilities, Weirdness & Mutations

You are resistant to torment.
You are immune to poison.
Your stone body is very resilient (AC +3).
You resist negative energy.
You are resistant to electric shocks.
You can survive without breathing.
You are immune to petrification.
You are immune to rotting.


Message History

The orc wizard points at you and mumbles some strange words.
The puff of flame hits you!
* * * LOW HITPOINT WARNING * * *
You closely miss the orc wizard.
The orc wizard is almost dead.
The orc wizard mumbles some strange words.
The orc wizard flickers and vanishes!
Deactivating autopickup; reactivate with Ctrl-A.
You miss something. Something hits you but does no damage.
You miss something. Something hits you but does no damage.
You miss something.
You hear some strange, mumbled words.
A puff of flame appears from out of thin air!
The puff of flame hits you!
You miss something. Something hits you but does no damage.
You barely miss something.
You hear some strange, mumbled words.
A puff of flame appears from out of thin air!
The puff of flame hits you!
You die...

#.....# #........#
#.....# #........#
#.....# #........#
#.....# #####.####
#.....##### #.#
#.........# #.#
#.........####.#
#...........##.######
####@{...............
#........##.######
#...........#
#........####
###......#
#####.#####
#........# #........#
#........######


There were no monsters in sight!

Vanquished Creatures
  2 adders (D:2)
  3 worms (D:2)
  2 giant geckos (D:1)
  An ooze (D:1)
  7 bats
  9 hobgoblins
  4 jackals (D:1)
  5 kobolds
  2 giant cockroaches (D:1)
  A giant newt (D:1)
  4 goblins
  8 rats
48 creatures vanquished.

Notes
Turn   | Place    | Note
--------------------------------------------------------------
     0 | D:1      | Psiweapon, the Gargoyle Gladiator, began the quest for the Orb.
     0 | D:1      | Reached XP level 1. HP: 12/12 MP: 1/1
   119 | D:1      | Reached XP level 2. HP: 17/17 MP: 2/2
   358 | D:1      | Reached skill level 4 in Staves
   463 | D:1      | Reached XP level 3. HP: 21/21 MP: 3/3
  1361 | D:2      | Reached XP level 4. HP: 22/26 MP: 4/4
  1392 | D:2      | Reached skill level 5 in Staves
  1743 | D:2      | Killed from afar by an orc wizard

Action                   |  1- 3 |  4- 6 || total
-------------------------+-------+-------++-------
Melee: Quarterstaff      |   128 |    73 ||   201
Throw: Tomahawk          |     1 |     2 ||     3
  Eat: Chunk             |     2 |     1 ||     3
